 Dungeon Crawl Stone Soup version 0.28.0 (webtiles) character file.

Game seed: 13858619461696455778

289 Host24 the Quickloader (level 6, -3/37 HPs)
             Began as a Kobold Hunter on Mar 5, 2022.
             Slain by an orc priest (5 damage)
             ... on level 7 of the Dungeon.
             The game lasted 00:05:54 (3122 turns).

Host24 the Quickloader (Kobold Hunter)              Turns: 3122, Time: 00:05:55

Health: -3/37      AC:  6    Str: 11      XL:     6   Next: 57%
Magic:  6/6        EV: 15    Int: 12 (13) God:
Gold:   200        SH:  0    Dex: 17      Spells: 5/5 levels left

rFire   . . .      SeeInvis .   a - +1 hand crossbow
rCold   . . .      Faith    .   (no shield)
rNeg    . . .      Spirit   .   c - +0 leather armour
rPois   .          Reflect  .   m - +1 helmet
rElec   .          Harm     .   (no cloak)
rCorr   .          Rampage  .   q - +0 pair of gloves
Will    .....                   (no boots)
Stlth   +++.......              (no amulet)
HPRegen 0.12/turn               (no ring)
MPRegen 0.10/turn               (no ring)

@: no status effects
A: small, no large weapons, nightstalker 3, agile 1
a: no special abilities


You were on level 7 of the Dungeon.
You visited 1 branch of the dungeon, and saw 5 of its levels.

You collected 200 gold pieces.

Inventory:

Hand Weapons
 a - a +1 hand crossbow (weapon)
 b - a +0 short sword
 e - a +2 vampiric whip
 i - a +2 hand axe of electrocution
Missiles
 d - 56 bolts (quivered ammo)
 f - 124 stones
 j - 38 arrows
 k - 3 javelins
 l - 3 poisoned darts
 n - 45 sling bullets
 o - a curare-tipped dart
Armour
 c - a +0 leather armour (worn)
 m - a +1 helmet (worn)
 q - a +0 pair of gloves (worn)
Scrolls
 g - 4 scrolls of identify {unknown}
 h - 2 scrolls of magic mapping {unknown}
 p - 2 scrolls of fog {unknown}
 r - a scroll of vulnerability {unknown}
 t - a scroll of blinking {unknown}
Potions
 s - a potion of mutation


   Skills:
 - Level 3.1 Fighting
 + Level 8.3 Crossbows
 - Level 3.0 Dodging
 - Level 1.3 Stealth


You had 5 spell levels left.
You didn't know any spells.
Your spell library contained the following spells:

 Spells                   Type           Power      Damage    Failure   Level
 Ignite Poison            Fire/Tmut/Pois 0%         N/A       78%         3
 Mephitic Cloud           Conj/Pois/Air  0%         N/A       78%         3
 Freezing Cloud           Conj/Ice/Air   0%         6-21      100%        5
 Summon Forest            Summ/Tloc      0%         N/A       100%        5
 Eringya's Noxious Bog    Tmut/Pois      0%         N/A       100%        6
 Summon Hydra             Summ           0%         N/A       100%        7


Dungeon Overview and Level Annotations

Branches:
Dungeon (4/15)
 Temple: D:4-7

Altars:
Zin

Annotations:
D:7 Harold, Joseph, Maggie


Innate Abilities, Weirdness & Mutations

You are small and have problems with some larger weapons.
You are completely attuned to the shadows.
You are agile. (Dex +2)


Message History

The orc wizard casts a spell at you.
You are confused.
You bump into the rock wall.
The orc priest hits you with a +0 dagger.
The orc wizard hits you but does no damage.
The orc priest completely misses you. The orc wizard completely misses you.
You bump into the rock wall.
The orc priest hits you with a +0 dagger.
The orc wizard closely misses you.
You barely miss the orc priest.
The orc priest is lightly wounded.
You miss the orc wizard.
The orc priest mumbles some strange prayers to Beogh against you.
Pain shoots through your body! The orc wizard misses you.
The orc priest calls upon Beogh to heal the orc wizard.
The orc wizard is healed somewhat.
The orc wizard gestures at you while chanting.
The puff of flame hits you but does no damage.
You feel less confused.
The orc wizard casts a spell.
The orc wizard flickers and vanishes!
Deactivating autopickup; reactivate with Ctrl-A.
Your +2 hand axe of electrocution stops crackling.
a - a +1 hand crossbow (weapon)
The orc priest hits you with a +0 dagger.
Fire: 58 bolts
Press: ? - help, Q - select action, (/) - cycle Shift-Dir - straight line, f - orc priest
Aim: an orc priest, wielding a +0 dagger and wearing a +1 leather armour of cold resistance (lightly wounded, 69% to hit)
You shoot a bolt. The bolt closely misses the orc priest.
The orc priest invokes the aid of Beogh against you.
Pain shoots through your body!
* * * LOW HITPOINT WARNING * * *
Fire: 57 bolts
Press: ? - help, Q - select action, (/) - cycle Shift-Dir - straight line, f/p - orc priest
Aim: an orc priest, wielding a +0 dagger and wearing a +1 leather armour of cold resistance (lightly wounded, 69% to hit)
You shoot a bolt. The bolt hits the orc priest.
The orc priest is moderately wounded.
Something completely misses you.
The orc priest hits you with a +0 dagger.
You die...

@#################
#.... #.### #.# #.# .#
#########.# ..#
#.........#
..########.#########
..#..)@.............#
.....o......#######.###
###.######### #.... #[
##### #. ..


You could see an orc priest.

Vanquished Creatures
  A water moccasin (D:7)
  A kobold brigand (D:7)
  Natasha (D:2)
  A gnoll (D:1)
  An adder (D:3)
  A white imp (D:7)
  2 dart slugs (D:3)
  6 orcs (D:7)
  8 ball pythons
  3 endoplasms
  3 giant cockroaches
  3 goblins
  4 hobgoblins
  9 jackals
  2 quokkas
  2 bats
  A frilled lizard (D:1)
  8 kobolds
  6 rats
63 creatures vanquished.

Notes
Turn   | Place    | Note
-------+----------+-------------------------------------------
     0 | D:1      | Host24 the Kobold Hunter began the quest for the Orb.
     0 | D:1      | Reached XP level 1. HP: 12/12 MP: 1/1
   114 | D:1      | Reached skill level 5 in Crossbows
   262 | D:1      | Reached XP level 2. HP: 15/19 MP: 2/2
   397 | D:1      | Reached XP level 3. HP: 17/23 MP: 3/3
  1066 | D:2      | Found a glowing silver altar of Zin.
  1109 | D:2      | Noticed Natasha
  1112 | D:2      | Killed Natasha
  1113 | D:2      | Reached XP level 4. HP: 28/28 MP: 4/4
  1498 | D:2      | Found a faded altar of an unknown god.
  1519 | D:2      | Reached skill level 6 in Crossbows
  1984 | D:3      | Reached XP level 5. HP: 31/32 MP: 5/5
  2272 | D:4      | You fall into a shaft and drop 3 floors!
  2272 | D:7      | Noticed a kobold brigand
  2294 | D:7      | Gained mutation: You are strong-willed. (Will+) [potion of
                  | mutation]
  2294 | D:7      | Lost mutation: You are strong-willed. (Will+) [potion of
                  | mutation]
  2294 | D:7      | Gained mutation: You are agile. (Dex +2) [potion of
                  | mutation]
  2306 | D:7      | Killed a kobold brigand
  2307 | D:7      | Reached skill level 7 in Crossbows
  2336 | D:7      | Noticed a water moccasin
  2347 | D:7      | Killed a water moccasin
  2348 | D:7      | Reached skill level 8 in Crossbows
  2348 | D:7      | Reached XP level 6. HP: 4/37 MP: 6/6
  2751 | D:7      | Noticed Harold
  2813 | D:7      | Noticed Joseph
  2921 | D:7      | Noticed Maggie
  3122 | D:7      | Slain by an orc priest

Illustrated notes

Levels and vault maps discovered:
D:1:      dpeg_arrival_rooms_b, layout_loops_ring, due_unseen_surprise
D:2:      layout_rooms, ebering_ecumenical_altar_sacrificial, basic_altar,
          uniq_natasha
D:3:      layout_basic
D:4:      nicolae_cairo_tiling, layout_basic,
          minmay_temple_entry_statues_pillars, gammafunk_ghost_necromancy,
          serial_shops, nicolae_shop_statue_plus
D:7:      layout_loops_ring, uniq_harold, uniq_maggie, uniq_joseph

Skill      XL: |  1  2  3  4  5 |
---------------+----------------+-----
Crossbows      | 5 6 8 |  8.3
Fighting       | 3 |  3.1
Dodging        | 3 |  3.0
Stealth        | |  1.3

Action                   |  1- 3 |  4- 6 || total
-------------------------+-------+-------++-------
Melee: Short sword       |    14 |       ||    14
       Punch             |     3 |     3 ||     6
       Whip              |    46 |   139 ||   185
       Hand axe          |       |    10 ||    10
 Fire: Hand crossbow     |     6 |     8 ||    14
  Use: Potion            |       |     4 ||     4
 Stab: Sleeping          |     6 |     8 ||    14
       Distracted        |     1 |       ||     1
Armor: Leather armour    |    13 |    47 ||    60
       Skin              |       |    22 ||    22
Dodge: Dodged            |    54 |   103 ||   157
